 Dungeon Crawl Stone Soup version 0.20.1-4-g4af34eaf8e (webtiles) character file.

436 Alfie the Shooter (level 6, 0/52 HPs)
             Began as a Minotaur Hunter on Feb 24, 2020.
             Slain by a gnoll
             ... wielding a cursed -3 halberd
              (13 damage)
             ... on level 5 of the Dungeon.
             The game lasted 00:10:22 (3553 turns).

Alfie the Shooter (Minotaur Hunter)                 Turns: 3553, Time: 00:10:22

Health: 0/52       AC:  4    Str: 19    XL:     6   Next: 69%
Magic:  5/5        EV: 12    Int:  8    God:
Gold:   132        SH:  0    Dex: 10    Spells: 5/5 levels left

rFire    . . .     SeeInvis .   a - +1 shortbow
rCold    . . .     Gourm    .   (shield currently unavailable)
rNeg     . . .     Faith    +   c - +1 leather armour
rPois    .         Spirit   .   (helmet restricted)
rElec    .         Reflect  .   (no cloak)
rCorr    .         Harm     .   (no gloves)
MR       .....                  (no boots)
Stlth    +.........             k - amulet of faith
Regen    0.2/turn               (no ring)
MPRegen  0.1/turn               (no ring)

@: glowing
A: retaliatory headbutt, horns 2
a: no special abilities


You were on level 5 of the Dungeon.
You were not hungry.

You visited 1 branch of the dungeon, and saw 5 of its levels.

You collected 246 gold pieces.
You spent 114 gold pieces at shops.

Inventory:

Hand Weapons
 a - a +1 shortbow (weapon)
 b - a +0 short sword
Missiles
 d - 37 arrows (quivered)
 u - 4 tomahawks
Armour
 c - a +1 leather armour (worn)
 g - a +0 pair of gloves
 p - a cursed +0 scale mail
 r - a +0 cloak
Jewellery
 e - an uncursed ring of wizardry
 k - an amulet of faith (around neck)
 t - an uncursed ring of see invisible {unknown}
Scrolls
 i - 4 scrolls of remove curse
 o - a scroll of teleportation
 s - a scroll of enchant armour
 v - a scroll of identify
Potions
 j - a potion of agility {unknown}
 m - a potion of mutation {unknown}
 q - a potion of degeneration {unknown}
Books
 n - a book of Cantrips

   Spells                             Type                      Level
   a - Confusing Touch                Hexes                        1
   b - Animate Skeleton               Necromancy                   1
   c - Summon Small Mammal            Summoning                    1
   d - Apportation                    Translocation                1
Comestibles
 f - 2 bread rations
 h - 2 meat rations
 l - a royal jelly


   Skills:
 + Level 3.9 Fighting
 + Level 0.9 Short Blades
 + Level 7.2 Bows
 + Level 3.3 Armour
 + Level 2.9 Dodging
 + Level 1.0 Stealth


You had 5 spell levels left.
You didn't know any spells.

Dungeon Overview and Level Annotations

Branches:
Dungeon (5/15)
 Temple: D:4-7

Altars:
Gozag
Yredelemnul

Shops:
D:4 ?


Innate Abilities, Weirdness & Mutations

You reflexively headbutt those who attack you in melee.
You have a pair of horns on your head.


Message History

You shoot an arrow. The arrow hits the gnoll shaman.
The gnoll shaman is almost dead.
The gnoll closely misses you.
The gnoll hits you from afar with a spear.
The gnoll shaman hits you but does no damage.
Firing (i - inventory. (,) - cycle):
d - 38 arrows (quivered)
Press: ? - help, Shift-Dir - straight line, f/p - gnoll shaman
Aim: a gnoll shaman, wielding a whip and wearing a robe (almost dead)
You shoot an arrow.
The arrow closely misses the gnoll shaman.
The arrow hits the gnoll.
The gnoll is heavily wounded.
The gnoll hits you from afar with a spear.
* * * LOW HITPOINT WARNING * * *
The gnoll shaman calls upon its god to heal the gnoll.
The gnoll is healed somewhat.
The gnoll hits you from afar with a spear.
* * * LOW HITPOINT WARNING * * *
The gnoll hits you from afar with a halberd!
You die...

#.#####≈≈≈≈≈≈≈≈≈.##
#.#...............#
#.#.###.....####..# ....#
#...........#
....###...........########
..#.......######..........
..######..# #.#########
..# #..# #.# .(# #..# #@#
..# #..# #g# .## #...


ggg .. ...## ##.(. ## #### #..#( #(..(. ##.# #. .. .# You could see a gnoll
shaman and 3 gnolls.

Vanquished Creatures
  Menkaure (D:4)
  A scorpion (D:4)
  A hound (D:4)
  2 iguanas (D:4)
  A worker ant (D:5)
  2 hound skeletons
  3 adders
  A gnoll (D:5)
  A shadow imp (D:5)
  3 worms
  3 dart slugs
  5 leopard geckos
  9 orcs
  5 bats
  4 giant cockroaches
  5 goblins
  3 hobgoblins
  2 jackals (D:4)
  A quokka (D:4)
  A ball python (D:1)
  6 frilled lizards
  A jackal skeleton (D:4)
  9 kobolds
  3 rats
73 creatures vanquished.

Notes
Turn   | Place    | Note
-------+----------+-------------------------------------------
     0 | D:1      | Alfie the Minotaur Hunter began the quest for the Orb.
     0 | D:1      | Reached XP level 1. HP: 18/18 MP: 0/0
   355 | D:1      | Reached XP level 2. HP: 24/25 MP: 1/1
   570 | D:1      | Reached skill level 5 in Bows
  1041 | D:2      | Reached XP level 3. HP: 30/30 MP: 2/2
  1817 | D:3      | Reached skill level 1 in Armour
  1817 | D:3      | Reached XP level 4. HP: 33/38 MP: 3/3
  2457 | D:4      | Noticed Menkaure
  2460 | D:4      | Killed Menkaure
  2460 | D:4      | Reached skill level 6 in Bows
  2460 | D:4      | Reached XP level 5. HP: 46/46 MP: 4/4
  2657 | D:4      | Reached XP level 6. HP: 52/52 MP: 5/5
  2681 | D:4      | Found a basalt altar of Yredelemnul.
  2735 | D:4      | Found Bakh's Magic Scroll Emporium.
  2738 | D:4      | Bought a scroll of enchant armour for 90 gold pieces
  2738 | D:4      | Bought a scroll of identify for 24 gold pieces
  2908 | D:4      | Found an opulent altar of Gozag.
  3389 | D:4      | Reached skill level 1 in Stealth
  3454 | D:5      | Entered Level 5 of the Dungeon
  3462 | D:5      | Reached skill level 7 in Bows
  3553 | D:5      | Slain by a gnoll

Skill      XL: |  1  2  3  4  5  6 |
---------------+-------------------+-----
Bows           | 5 6 7 |  7.2
Fighting       | 3 |  3.9
Armour         | 1 2 3 |  3.3
Stealth        | 1 |  1.0
Short Blades   | |  0.9
Dodging        | |  2.9

Action                   |  1- 3 |  4- 6 || total
-------------------------+-------+-------++-------
Melee: Short sword       |     4 |    28 ||    32
       Headbutt          |     1 |     9 ||    10
 Fire: Shortbow          |    95 |    96 ||   191
  Use: Scroll            |     6 |     4 ||    10
 Stab: Sleeping          |       |     1 ||     1
  Eat: Bread ration      |     1 |       ||     1
       Royal jelly       |       |     1 ||     1
       Meat ration       |       |     1 ||     1
Armor: Leather armour    |     9 |     4 ||    13
Dodge: Dodged            |    16 |    37 ||    53
